Zigbar, neutral male gnomish Healer ---- |..| ----..---- - -------G.......-- |..........>0.....--- | -----@o......o...--- --)..G..........-- |....ho......o...| --........|.--...- --.....o----- -.... |.).----- -...- --..| .. ---- .- . Zigbar the Rhizotomist Experience level: 1 Strength: 12 Dexterity: 14 Constitution: 14 Intelligence: 7 Wisdom: 15 Charisma: 17 Health: 0(12) Energy: 4(6) AC: 7 Gold: 1751 Moves: 1425 Your Inventory: Coins $ - 1751 gold pieces Weapons a - an uncursed +0 scalpel (weapon in hand) Armor b - a blessed +1 pair of leather gloves (being worn) n - an [uncursed] +0 iron skull cap [orcish helm] (being worn) s - a cursed -1 pair of snow boots [water walking] (being worn) Comestibles j - 5 uncursed apples q - an [uncursed] food ration Scrolls l - an [uncursed] scroll labeled GARVEN DEH [of create monster] o - an [uncursed] scroll labeled ELAM EBOW [of charging] r - an [uncursed] scroll labeled ANDOVA BEGARIN [of fire] Spellbooks g - a blessed spellbook of healing h - a blessed spellbook of extra healing i - a blessed spellbook of stone to flesh Potions d - 4 uncursed potions of healing e - 4 uncursed potions of extra healing p - an [uncursed] orange potion [of gain level] Wands f - an uncursed wand of sleep (0:5) Tools c - an uncursed stethoscope Gems k - an [uncursed] violet gem [worthless glass] t - an [uncursed] yellowish brown gem [worthless glass] Spells known in the end: Name Level Category Fail Memory a - healing 1 healing 0% [||||||||] b - extra healing 3 healing 74% [||||||||] c - stone to flesh 3 healing 82% [||||||||] Your skills at the end: Fighting Skills Weapon Skills knife [Basic / Expert] Spellcasting Skills healing spells [Basic / Expert] Final Attributes: You were fervently aligned. Hunger level was 476. Your alignment was 10 / 17. Monster difficulty range was 0 - 3. Level difficulty was 5. You were immune to poison. You had infravision. You could walk on water. Your luck was zero. You are dead. Vanquished creatures: a dwarf an acid blob a hobbit a large kobold a hobgoblin 2 cave spiders a gnome a gecko 6 jackals a kobold a goblin a sewer rat 8 grid bugs 2 lichens 28 creatures vanquished. Voluntary challenges: You followed a strict vegan diet. You were illiterate. You used a wielded weapon 6 times. You put on armor 3 times. You never genocided any monsters. You never polymorphed an object. You never changed form. You used no wishes. You never wrote Elbereth's name. You never encountered a bones level. You never used any Sokoban shortcuts. Dungeon overview: The Dungeons of Doom: levels 1 to 3 Level 1 an altar, a fountain a long staircase Level 2 a general store, a fountain Level 3 stairs to The Gnomish Mines The Gnomish Mines: levels 4 to 6 Level 4 stairs to The Dungeons of Doom Level 5 <- You were here History has recorded: On T:1 you entered the Dungeons of Doom to retrieve the Amulet of Yendor! On T:439 you reached level 2 of The Dungeons of Doom. On T:1131 you reached level 3 of The Dungeons of Doom. On T:1285 you reached level 1 of The Gnomish Mines. On T:1361 you reached level 3 of The Gnomish Mines. On T:1397 you reached level 2 of The Gnomish Mines. Latest messages: With great effort you move the boulder. You see here 2 red gems. The Uruk-hai shoots 2 poisoned crude arrows! You are almost hit by the 1st poisoned crude arrow. You are almost hit by the 2nd poisoned crude arrow. You hear crashing rock. Click! You trigger a rolling boulder trap! Fortunately for you, no boulder was released. You stop for the gnome. (2x) The Uruk-hai shoots a poisoned crude arrow! You are hit by a poisoned crude arrow. The poison doesn't seem to affect you. The Uruk-hai picks up a poisoned crude arrow. [HP-2=10] The Uruk-hai shoots a poisoned crude arrow! You are almost hit by a poisoned crude arrow. The Uruk-hai picks up a chain mail. The Uruk-hai puts on a chain mail. The Uruk-hai shoots a poisoned crude arrow! You are almost hit by a poisoned crude arrow. You see here a poisoned crude arrow. [HP+1=11] You see here a poisoned crude arrow. The Uruk-hai swings his crude bow. The Uruk-hai hits! You die... Final status: Goodbye Zigbar the Healer... You died in The Gnomish Mines on dungeon level 5 with 418 points, and 1751 pieces of gold, after 1425 moves. You were level 1 with a maximum of 12 hit points when you died.